 Dungeon Crawl Stone Soup version 0.30.1-4-g462c640d31 (webtiles) character file.

Game seed: 1397924970794553411

77 booth the Conjurer (level 4, -1/24 HPs)
             Began as a Deep Elf Conjurer on Aug 16, 2023.
             Slain by a phantom (5 damage)
             ... on level 4 of the Dungeon.
             The game lasted 00:22:25 (3199 turns).

booth the Conjurer (Deep Elf Conjurer)              Turns: 3199, Time: 00:22:26

Health: -1/24      AC:  3    Str:  6    XL:     4   Next: 14%
Magic:  3/11       EV: 13    Int: 23    God:
Gold:   201        SH:  0    Dex: 13    Spells: 2/10 levels left

rFire   . . .        u - +0 sling (heavy)
rCold   x . .        (no shield)
rNeg    . . .        a - +0 robe
rPois   .            e - +0 helmet
rElec   .            (no cloak)
rCorr   .            (no gloves)
SInv    .            (no boots)
Will    .....        (no amulet)
Stlth   ++           (no ring)
HPRegen 0.24/turn    (no ring)
MPRegen 0.12/turn

%: no passive effects
@: no status effects
A: hooves 1, cold vulnerability 1
a: no special abilities


You were on level 4 of the Dungeon.
You visited 1 branch of the dungeon, and saw 4 of its levels.

You collected 201 gold pieces.

Inventory:

Hand Weapons
 c - a +0 hand axe
 j - a +1 vampiric dagger
 m - a +0 vampiric whip
 u - a +0 heavy sling (weapon)
Missiles
 d - 9 poisoned darts
 g - 19 stones
 n - 2 curare-tipped darts
Armour
 a - a +0 robe (worn)
 e - a +0 helmet (worn)
 p - a +0 leather armour
 w - a +2 buckler
Jewellery
 f - a ring of ice
Scrolls
 h - a scroll of enchant weapon
 s - a scroll of magic mapping {unknown}
 t - a scroll of fear {unknown}
 v - a scroll of teleportation
Potions
 b - a potion of magic
 i - 3 potions of heal wounds
 k - a potion of cancellation {unknown}
 l - 2 potions of lignification {unknown}
 o - a potion of brilliance {unknown}
 q - a potion of attraction {unknown}
 r - a potion of curing


   Skills:
 + Level 0.4 Throwing
 + Level 3.3 Dodging
 + Level 3.4 Stealth
 + Level 3.8 Spellcasting
 + Level 4.8 Conjurations
 + Level 0.7 Hexes
 + Level 0.2 Necromancy


You had 2 spell levels left.
You knew the following spells:

 Your Spells              Type           Power      Damage    Failure   Level
a - Magic Dart            Conj           100%       1d8       1%          1
b - Searing Ray           Conj           52%        2d6       2%          2
c - Cigotuvi's Dreadful   Necr/Pois/Air  8%         N/A       16%         2
d - Dazzling Flash        Conj/Hex       34%        N/A       10%         3

Your spell library contained the following spells:

 Spells                   Type           Power      Damage    Failure   Level
 Fulminant Prism          Conj/Hex       8%         3d7       32%         4
 Iskenderun's Mystic Bla  Conj/Tloc      15%        2d5       36%         4
 Dispel Undead            Necr           5%         3d7       67%         4
 Summon Lightning Spire   Summ/Air       4%         N/A       71%         4
 Death Channel            Necr           2%         N/A       100%        6
 Storm Form               Tmut/Air       2%         N/A       100%        7
 Maxwell's Capacitive Co  Air            2%         ∞         100%        8


Dungeon Overview and Level Annotations

Branches:
Dungeon (4/15)
 Temple: D:4-7

Altars:
Ru
Uskayaw
The Shining One

Annotations:
D:2 1 runed translucent door


Innate Abilities, Weirdness & Mutations

You have large cloven feet.
You are vulnerable to cold. (rC-)


Message History

The searing ray hits the phantom!
The phantom is moderately damaged. (Press . to maintain the ray.)
The phantom closely misses you.
The searing ray hits the phantom but does no damage.
The phantom is moderately damaged.
The phantom hits you.
The searing ray hits the phantom!
The phantom is heavily damaged.
The phantom hits you.
The phantom blinks!
You blink.
Found a stone staircase leading up.
The phantom hits you!
* * * LOW HITPOINT WARNING * * *
Casting: Searing Ray (safe; 2% risk of failure)
Confirm with . or Enter, or press ? or * to list all spells.
Aiming: Searing Ray (safe; 2% risk of failure)
Press: ? - help, Shift-Dir - straight line, f/p - phantom
Aim: a phantom (heavily damaged, 71% to hit)
The searing ray misses the phantom. (Press . to maintain the ray.)
The phantom hits you.
* * * LOW HITPOINT WARNING * * *
The phantom blinks!
You blink.
Casting: Searing Ray (safe; 2% risk of failure)
Confirm with . or Enter, or press ? or * to list all spells.
Aiming: Magic Dart (safe; 1% risk of failure)
Press: ? - help, Shift-Dir - straight line, f/p - phantom
Aim: a phantom (heavily damaged, 100% to hit)
The magic dart hits the phantom.
The phantom is severely damaged.
The phantom closely misses you.
Casting: Magic Dart (safe; 1% risk of failure)
Confirm with . or Enter, or press ? or * to list all spells.
Aiming: Magic Dart (safe; 1% risk of failure)
Press: ? - help, Shift-Dir - straight line, f/p - phantom
Aim: a phantom (severely damaged, 100% to hit)
The magic dart hits the phantom.
The phantom is almost destroyed.
The phantom hits you.
You die...

.#
...####.#
.#
.........#
.#
........#
........
.......>#
.##...##
...##...#
## #.# .#.
##..# # #
...###..#
. #...W.#
.# #.#..@#
.. #.....#
#!.###..#
.#. #..#
g. #...#
$## ....#
# ....#
...+##
##.<


You could see a phantom.

Vanquished Creatures
  An adder (D:2)
  3 worms
  A dart slug (D:1)
  4 endoplasms
  A giant cockroach (D:1)
  7 goblins
  7 hobgoblins
  2 quokkas
  10 ball pythons
  4 bats
  5 frilled lizards
  4 kobolds
  8 rats
57 creatures vanquished.

Notes
Turn   | Place    | Note
-------+----------+-------------------------------------------
     0 | D:1      | booth the Deep Elf Conjurer began the quest for the Orb.
     0 | D:1      | Reached XP level 1. HP: 10/10 MP: 6/6
   420 | D:1      | Reached XP level 2. HP: 15/15 MP: 6/8
   423 | D:1      | Learned a level 2 spell: Searing Ray
  1288 | D:2      | Reached XP level 3. HP: 17/19 MP: 6/10
  2123 | D:2      | Found a runed translucent door.
  2148 | D:3      | Learned a level 2 spell: Cigotuvi's Dreadful Rot
  2152 | D:3      | Learned a level 3 spell: Dazzling Flash
  2339 | D:3      | Found a sacrificial altar of Ru.
  2434 | D:3      | Found a hide-covered altar of Uskayaw.
  2439 | D:3      | Found a glowing golden altar of the Shining One.
  2607 | D:3      | Reached XP level 4. HP: 24/24 MP: 7/11
  3078 | D:3      | Gained mutation: You are vulnerable to cold. (rC-) [potion
                  | of mutation]
  3078 | D:3      | Gained mutation: You have large cloven feet. [potion of
                  | mutation]
  3189 | D:4      | Noticed a phantom
  3199 | D:4      | Slain by a phantom

Illustrated notes

Levels and vault maps discovered:
D:1:      tekkud_arrival_beachfront_property, layout_basic,
          minmay_misc_feat_tower, item_on_display_a
D:2:      layout_basic, uniq_crazy_yiuf_cottage
D:3:      wander_river, layout_loops_ring, amcnicky_altar_gilded,
          nicolae_overflow_hidden_temple, serial_glass, glass_columns_c,
          glass_columns_b
D:4:      layout_basic, pf_just_have_faith, minmay_temple_entry_wispy,
          minmay_starry_boxes, uniq_duvessa

Skill      XL: |  1  2 |
---------------+-------+-----
Stealth        | 3 |  3.4
Dodging        | 3 |  3.3
Throwing       | |  0.4
Spellcasting   | |  3.8
Conjurations   | |  4.8
Hexes          | |  0.7
Necromancy     | |  0.2

Action                     |  1- 3 |  4- 6 || total
---------------------------+-------+-------++-------
  Melee: Dagger            |     4 |       ||     4
   Fire: Sling             |       |     2 ||     2
   Cast: Magic Dart        |    72 |    12 ||    84
         Searing Ray       |     3 |     3 ||     6
    Use: Scroll            |     4 |     3 ||     7
         Potion            |     1 |     1 ||     2
   Stab: Sleeping          |     1 |       ||     1
 Armour: Robe              |     3 |       ||     3
  Dodge: Dodged            |     8 |     3 ||    11
